[Event "NJSK 2021 Jeugd A"]
[Site "Almelo, Netherlands"]
[Date "2021.08.06"]
[Round "6.1"]
[White "Hilwerda, Jonas"]
[Black "Honkoop, Gilian"]
[Result "1-0"]
[WhiteElo "2240"]
[BlackElo "2157"]
[PlyCount "87"]
[EventDate "2021.??.??"]
[TimeControl "90/40+30:0"]

1. e4 {3636} e5 {11} 2. Nf3 {4} Nc6 {2} 3. d4 {7} exd4 {4} 4. Nxd4 {4} Nf6 {4}
5. Nxc6 {5} bxc6 {4} 6. e5 {5} Qe7 {3} 7. Qe2 {7} Nd5 {5} 8. c4 {6} Ba6 {3} 9.
b3 {6} g5 {22} 10. Bb2 {41} Bg7 {11} 11. h4 {17} h6 {426} 12. Nd2 {22} O-O-O {
340} 13. O-O-O {16} Rhe8 {924} 14. g3 {347} Nb6 {254} 15. hxg5 {823} hxg5 {80}
16. Rh7 {595} Qf8 {1970} 17. f4 {169} f6 {54} 18. Qg4 {1359} fxe5 {192} 19.
Qxg5 {109} Bf6 {52} 20. Qf5 {53} Bh8 {1203} 21. Qxf8 {340} Rxf8 {80} 22. fxe5 {
2} Rde8 {8} 23. Rh5 {61} Kb8 {432} 24. a4 {389} d6 {42} 25. exd6 {515} Bxb2+ {2
} 26. Kxb2 {4} cxd6 {2} 27. Rh6 {100} Kc7 {71} 28. c5 {42} Bxf1 {47} 29. cxb6+
{27} axb6 {22} 30. Rh7+ {53} Kb8 {10} 31. Rxf1 {21} Rxf1 {32} 32. Nxf1 {2} Re2+
{5} 33. Kc3 {61} Re1 {6} 34. Rf7 {23} d5 {15} 35. g4 {43} Re4 {51} 36. g5 {51}
Rg4 {3} 37. Rg7 {163} c5 {28} 38. g6 {126} Kc8 {44} 39. Rg8+ {48} Kd7 {30} 40.
g7 {127} Ke7 {3} 41. Ra8 {29} Rxg7 {10} 42. Ra7+ {6} Kf6 {4} 43. Rxg7 {3} Kxg7
{3} 44. b4 {40} 1-0

[Event "NJSK 2021 Jeugd A"]
[Site "Almelo, Netherlands"]
[Date "2021.08.06"]
[Round "6.2"]
[White "Roebers, Eline"]
[Black "Van Foreest, Machteld"]
[Result "1/2-1/2"]
[WhiteElo "2173"]
[BlackElo "2161"]
[PlyCount "94"]
[EventDate "2021.??.??"]
[TimeControl "90/40+30:0"]

1. e4 {15} e5 {3} 2. Nf3 {3} Nc6 {4} 3. Bc4 {3} Bc5 {3} 4. c3 {3} Nf6 {3} 5. d4
{4} exd4 {3} 6. b4 {63} Be7 {1377} 7. e5 {71} Ne4 {38} 8. b5 {310} Na5 {87} 9.
Bd3 {5} d5 {282} 10. exd6 {865} Nxd6 {16} 11. Nxd4 {51} c5 {244} 12. bxc6 {56}
Nxc6 {60} 13. Nxc6 {91} bxc6 {1} 14. O-O {5} Bf5 {759} 15. Re1 {765} O-O {332}
16. Ba3 {55} Bxd3 {644} 17. Qxd3 {1} Re8 {20} 18. Nd2 {508} Nb5 {155} 19. Qxd8
{4} Raxd8 {180} 20. Bxe7 {47} Rxd2 {6} 21. Bg5 {1145} Rde2 {7} 22. Rec1 {216}
Nxc3 {373} 23. Kf1 {2} Nd5 {28} 24. Rxc6 {260} h6 {625} 25. Rd6 {152} hxg5 {97}
26. Rxd5 {1} Rc2 {67} 27. Rxg5 {137} Ree2 {4} 28. Rf5 {5} Rxa2 {21} 29. Rc1 {
191} g6 {12} 30. Rf3 {45} Red2 {30} 31. g3 {84} Rd7 {10} 32. Kg2 {43} a5 {4}
33. Rc8+ {2} Kg7 {5} 34. Ra8 {2} Rc7 {43} 35. h4 {8} Rd7 {9} 36. Rf4 {4} Rc7 {
44} 37. Rf3 {5} Rd7 {84} 38. Ra6 {8} Re7 {31} 39. Rf4 {5} Re6 {509} 40. Ra7 {
173} Rf6 {17} 41. Rxf6 {4} Kxf6 {2} 42. Kf3 {87} a4 {21} 43. Ra5 {76} a3 {70}
44. Kg2 {40} Ra1 {25} 45. Kf3 {67} a2 {136} 46. Kg2 {14} Kg7 {10} 47. Ra6 {5}
Kh7 {245} 1/2-1/2

[Event "NJSK 2021 Jeugd A"]
[Site "Almelo, Netherlands"]
[Date "2021.08.06"]
[Round "6.3"]
[White "Bruil, Rembrandt"]
[Black "Grutter, Tim"]
[Result "0-1"]
[WhiteElo "2105"]
[BlackElo "2253"]
[PlyCount "84"]
[EventDate "2021.??.??"]
[TimeControl "90/40+30:0"]

1. d4 {3} Nf6 {4} 2. c4 {17} g6 {3} 3. Nc3 {6} Bg7 {3} 4. e4 {8} d6 {4} 5. Be2
{3} e5 {125} 6. d5 {188} a5 {93} 7. Bg5 {123} Na6 {160} 8. h4 {304} Nc5 {141}
9. Qc2 {28} b6 {275} 10. h5 {404} h6 {88} 11. Be3 {19} g5 {919} 12. f3 {285} g4
{364} 13. b3 {390} g3 {267} 14. Bf1 {522} Ng8 {690} 15. Nge2 {156} Bf6 {410}
16. Nxg3 {554} Bg5 {69} 17. Nd1 {241} Bxe3 {153} 18. Nxe3 {23} Qg5 {26} 19.
Ngf5 {1077} Bxf5 {348} 20. Nxf5 {12} Ne7 {44} 21. Qd2 {431} Qxd2+ {0} 22. Kxd2
{117} Nxf5 {9} 23. exf5 {5} Ke7 {166} 24. Be2 {108} Kf6 {364} 25. g4 {37} e4 {
334} 26. f4 {119} e3+ {5} 27. Ke1 {51} Rae8 {84} 28. Rc1 {606} Ne4 {123} 29.
Rg1 {171} Rhg8 {165} 30. Kf1 {264} Nf2 {100} 31. Rg3 {134} Re4 {75} 32. Bf3 {43
} Rxf4 {90} 33. Ke2 {14} Nxg4 {41} 34. Rcg1 {6} Kxf5 {10} 35. R1g2 {40} Rg5 {5}
36. Rh3 {79} Ne5 {190} 37. Rgh2 {28} Nxf3 {236} 38. Rxf3 {2} Rxf3 {14} 39. Kxf3
{2} Ke5 {43} 40. Rh4 {86} f5 {19} 41. Kxe3 {28} Rg3+ {20} 42. Kf2 {6} Rc3 {20}
0-1

[Event "NJSK 2021 Jeugd A"]
[Site "Almelo, Netherlands"]
[Date "2021.08.06"]
[Round "6.4"]
[White "Maters, Arthur"]
[Black "Elgersma, Onno"]
[Result "0-1"]
[WhiteElo "2032"]
[BlackElo "2292"]
[PlyCount "64"]
[EventDate "2021.??.??"]
[TimeControl "90/40+30:0"]

1. e4 {1103} c6 {40} 2. d4 {5} d5 {11} 3. f3 {5} Nf6 {25} 4. Nc3 {16} e6 {23}
5. Be3 {7} b6 {232} 6. Qd2 {24} Be7 {226} 7. O-O-O {42} O-O {157} 8. h4 {390}
b5 {254} 9. e5 {168} Nfd7 {14} 10. g4 {196} b4 {37} 11. Nb1 {123} c5 {40} 12.
f4 {171} cxd4 {151} 13. Bxd4 {71} Nc6 {12} 14. Nf3 {89} Nxd4 {483} 15. Qxd4 {82
} Nc5 {211} 16. Bd3 {675} Qb6 {265} 17. Ng5 {1273} g6 {340} 18. Nd2 {194} Na4 {
1303} 19. Nb3 {526} h6 {515} 20. Nf3 {229} Nc5 {30} 21. Nbd2 {150} Bd7 {259}
22. h5 {351} Nxd3+ {110} 23. Qxd3 {8} Bb5 {18} 24. c4 {382} dxc4 {118} 25. Qc2
{76} b3 {17} 26. axb3 {57} cxb3 {6} 27. Qxb3 {33} Be2 {612} 28. Rdf1 {0} Qa6 {
222} 29. Ne4 {176} Bxf1 {309} 30. hxg6 {3} Qc6+ {213} 31. Nc3 {54} Qxf3 {18}
32. Rxh6 {3} Qxf4+ {9} 0-1

[Event "NJSK 2021 Jeugd A"]
[Site "Almelo, Netherlands"]
[Date "2021.08.06"]
[Round "6.5"]
[White "Arabi, Osama"]
[Black "Kruimer, Matthias"]
[Result "1-0"]
[WhiteElo "1901"]
[BlackElo "1909"]
[PlyCount "79"]
[EventDate "2021.??.??"]
[TimeControl "90/40+30:0"]

1. d4 {2} Nf6 {7} 2. c4 {4} e5 {16} 3. dxe5 {7} Ng4 {4} 4. e3 {106} Nxe5 {32}
5. Nh3 {9} d5 {29} 6. Qxd5 {595} Qe7 {22} 7. Nc3 {113} c6 {316} 8. Qe4 {117}
Bxh3 {28} 9. gxh3 {116} Nbd7 {159} 10. f4 {211} Qh4+ {470} 11. Kd1 {477} O-O-O
{134} 12. Bd2 {676} f5 {472} 13. Qxf5 {249} Nf3 {289} 14. Be2 {186} Nxd2 {129}
15. Kxd2 {15} Bc5 {348} 16. Ne4 {258} g6 {287} 17. Qg5 {524} Qxh3 {217} 18. Ng3
{250} Qe6 {422} 19. e4 {224} Nf6+ {337} 20. Kc2 {42} Bf2 {527} 21. e5 {167}
Bxg3 {54} 22. hxg3 {64} Rd2+ {16} 23. Kb3 {120} Rxe2 {757} 24. Qxf6 {220} Re3+
{19} 25. Kb4 {31} Qxf6 {404} 26. exf6 {2} Kc7 {95} 27. f7 {164} Rf8 {288} 28.
Rxh7 {22} Re7 {115} 29. Rg7 {25} Rfxf7 {36} 30. Rxg6 {29} Re2 {49} 31. b3 {29}
b6 {57} 32. Rg5 {98} a5+ {60} 33. Ka4 {28} Rd7 {40} 34. a3 {59} Kb7 {64} 35. c5
{63} Rd4+ {77} 36. b4 {11} b5+ {90} 37. Kxa5 {14} Red2 {44} 38. Rg7+ {46} Rd7 {
8} 39. Rxd7+ {18} Rxd7 {4} 40. Re1 {38} 1-0

[Event "NJSK 2021 Jeugd A"]
[Site "Almelo, Netherlands"]
[Date "2021.08.06"]
[Round "6.6"]
[White "Hubers, Daan"]
[Black "Verheul, Job"]
[Result "1-0"]
[WhiteElo "1695"]
[BlackElo "1655"]
[PlyCount "65"]
[EventDate "2021.??.??"]
[TimeControl "90/40+30:0"]

1. b4 {49} e5 {7} 2. a3 {52} d5 {12} 3. Bb2 {17} Bd6 {11} 4. e3 {41} Nf6 {24}
5. c4 {47} c6 {102} 6. c5 {318} Bc7 {12} 7. Nf3 {72} Nbd7 {70} 8. d3 {90} O-O {
44} 9. Nbd2 {51} Re8 {73} 10. Qc2 {208} Nf8 {68} 11. a4 {146} e4 {982} 12. Nd4
{158} Qe7 {696} 13. dxe4 {239} dxe4 {119} 14. Bc4 {642} Ng4 {0} 15. h3 {255}
Qh4 {183} 16. O-O-O {760} Nxf2 {1530} 17. Rhf1 {68} Ne6 {60} 18. Nf5 {199} Nd3+
{118} 19. Bxd3 {164} exd3 {13} 20. Qc3 {116} Qg5 {98} 21. h4 {101} Qf6 {367}
22. Qxf6 {91} gxf6 {6} 23. Ne4 {199} Bd8 {251} 24. Bxf6 {177} Nxc5 {184} 25.
Nh6+ {71} Kf8 {18} 26. Nxc5 {45} Bxf6 {39} 27. Rxf6 {16} Kg7 {29} 28. Rdf1 {65}
Rxe3 {128} 29. g4 {216} Be6 {103} 30. Nxf7 {101} Bxg4 {37} 31. Nd6 {74} a5 {152
} 32. R6f4 {67} Be6 {49} 33. Rg1+ {27} 1-0

[Event "NJSK 2021 Jeugd A"]
[Site "Almelo, Netherlands"]
[Date "2021.08.06"]
[Round "6.7"]
[White "Li-Behn, Tobias"]
[Black "Shakhverdian, William"]
[Result "0-1"]
[WhiteElo "1443"]
[BlackElo "2074"]
[PlyCount "144"]
[EventDate "2021.??.??"]
[TimeControl "90/40+30:0"]

1. c4 {10} e6 {8} 2. Nf3 {7} d5 {4} 3. e3 {6} Nf6 {21} 4. b3 {30} Nbd7 {100} 5.
d4 {81} c6 {9} 6. Bd3 {19} Bd6 {10} 7. Bb2 {79} b6 {155} 8. Nbd2 {72} Bb7 {79}
9. O-O {53} O-O {158} 10. Rc1 {215} c5 {37} 11. Qc2 {279} Rc8 {68} 12. Qb1 {101
} Qe7 {116} 13. Rfe1 {367} dxc4 {268} 14. bxc4 {638} e5 {374} 15. d5 {212} Rce8
{102} 16. e4 {82} Nh5 {40} 17. g3 {141} g6 {27} 18. Nh4 {142} Qd8 {70} 19. Re3
{138} Bc8 {268} 20. Rf1 {199} Ndf6 {222} 21. f3 {213} Nd7 {88} 22. Qe1 {223}
Qc7 {200} 23. Nb1 {62} Be7 {71} 24. Ng2 {23} Bg5 {7} 25. Re2 {51} Bh6 {90} 26.
Bc1 {203} Bg7 {49} 27. a4 {82} Nb8 {476} 28. a5 {297} f5 {384} 29. Rb2 {507}
Na6 {216} 30. axb6 {145} axb6 {6} 31. Bd2 {9} Rf7 {197} 32. Bc3 {202} Bf8 {133}
33. Qd1 {363} Nb4 {112} 34. Na3 {265} Bd7 {108} 35. Qd2 {129} Ba4 {665} 36. Nc2
{171} b5 {367} 37. Nxb4 {451} cxb4 {21} 38. Bxb4 {10} bxc4 {36} 39. Be2 {118}
fxe4 {164} 40. fxe4 {69} Rxf1+ {13} 41. Bxf1 {104} Nf6 {327} 42. Qe1 {724} Bb3
{632} 43. Bxf8 {400} Rxf8 {28} 44. h3 {192} Qc5+ {543} 45. Qe3 {268} Qd4 {11}
46. Re2 {20} c3 {319} 47. Re1 {142} Qxe3+ {226} 48. Nxe3 {155} Nxe4 {20} 49.
Bd3 {42} Nxg3 {331} 50. Rc1 {138} c2 {124} 51. d6 {27} e4 {47} 52. Bb5 {30} Rd8
{43} 53. d7 {39} Rxd7 {109} 54. Kf2 {54} Rf7+ {131} 55. Kxg3 {43} Rf3+ {9} 56.
Kg4 {30} Rxe3 {49} 57. Kf4 {13} Rxh3 {53} 58. Kxe4 {12} Rc3 {39} 59. Kd4 {37}
Rc7 {6} 60. Kd3 {150} Rc5 {0} 61. Ba6 {66} Rd5+ {57} 62. Kc3 {9} Rd1 {7} 63.
Kb2 {19} Rxc1 {11} 64. Kxc1 {5} Kg7 {22} 65. Bd3 {46} h5 {15} 66. Be4 {17} g5 {
29} 67. Bf3 {37} g4 {6} 68. Be2 {7} Kf6 {10} 69. Kd2 {17} Kg5 {9} 70. Kc1 {13}
h4 {7} 71. Ba6 {34} h3 {17} 72. Bf1 {44} Bd5 {20} 0-1

[Event "NJSK 2021 Jeugd A"]
[Site "Almelo, Netherlands"]
[Date "2021.08.06"]
[Round "6.8"]
[White "Arnold, Kiri"]
[Black "Torensma, Christian"]
[Result "1/2-1/2"]
[WhiteElo "1827"]
[BlackElo "1641"]
[PlyCount "128"]
[EventDate "2021.??.??"]
[TimeControl "90/40+30:0"]

1. e4 {2} e6 {9} 2. d4 {7} d5 {11} 3. Nc3 {12} Bb4 {20} 4. Nge2 {18} dxe4 {21}
5. a3 {17} Bxc3+ {33} 6. Nxc3 {14} Nc6 {15} 7. d5 {47} exd5 {25} 8. Qxd5 {29}
Be6 {27} 9. Qxe4 {47} Nf6 {13} 10. Qa4 {25} Qe7 {118} 11. Be3 {1252} O-O {472}
12. Be2 {1647} Rad8 {79} 13. O-O {546} Nd5 {257} 14. Nxd5 {518} Bxd5 {307} 15.
Rad1 {853} Qe4 {209} 16. Qxe4 {12} Bxe4 {163} 17. Rxd8 {68} Rxd8 {11} 18. c3 {
129} Bd3 {193} 19. Bxd3 {7} Rxd3 {6} 20. Bf4 {111} Rd7 {106} 21. Re1 {49} f6 {
97} 22. f3 Kf7 {157} 23. Kf2 Ne7 {301} 24. Re2 c6 {659} 25. Rd2 {0} Rxd2+ {0}
26. Bxd2 {163} Ke6 {23} 27. Ke2 {154} Ng6 {282} 28. c4 {225} a6 {296} 29. b3 {
101} Ne5 {203} 30. h3 {163} g6 {22} 31. Ke3 {131} Nd7 {86} 32. Kd4 {187} c5+ {
178} 33. Kc3 {272} Kd6 {105} 34. Bf4+ {96} Kc6 {59} 35. Kd3 {81} Nf8 {22} 36.
g4 {69} Ne6 {22} 37. Be3 {67} Ng7 {125} 38. Ke4 {129} Ne6 {126} 39. h4 {138}
Ng7 {54} 40. f4 {374} Kd6 {76} 41. f5 {182} gxf5+ {871} 42. gxf5 {1} b6 {277}
43. Bh6 {230} Ne8 {5} 44. Kf4 {61} Ke7 {34} 45. Kg4 {442} Kf7 {367} 46. Bf4 Ke7
{64} 47. Bh2 {537} Kd7 {70} 48. Bg3 {28} Ng7 {42} 49. Bh2 {205} h5+ {29} 50.
Kf4 {21} a5 {103} 51. Ke4 {162} Kc6 {9} 52. Bf4 {246} Ne8 {16} 53. Bh6 {48}
Nd6+ {57} 54. Kf4 {4} Ne8 {38} 55. Bf8 {191} Kd7 {15} 56. Bh6 {112} Nd6 {48}
57. Bf8 {120} Ne8 {6} 58. Ke4 {41} Nd6+ {83} 59. Bxd6 {66} Kxd6 {2} 60. Kf4 {13
} Kc6 {17} 61. Ke4 {10} Kd6 {8} 62. a4 {2} Kc6 {5} 63. Kf4 {20} Kd6 {5} 64. Ke4
{8} Kc6 {5} 1/2-1/2

[Event "NJSK 2021 Jeugd A"]
[Site "Almelo, Netherlands"]
[Date "2021.08.06"]
[Round "6.9"]
[White "Van Dam, Thijs"]
[Black "Sonneveld, David"]
[Result "1-0"]
[WhiteElo "1848"]
[BlackElo "1589"]
[PlyCount "61"]
[EventDate "2021.??.??"]
[TimeControl "90/40+30:0"]

1. d4 {3} d5 {10} 2. c4 {11} c6 {20} 3. Nc3 {15} Nf6 {8} 4. Bf4 {37} e6 {137}
5. e3 {26} Nbd7 {35} 6. Nf3 {28} a6 {42} 7. cxd5 {59} exd5 {102} 8. Bd3 {22}
Be7 {192} 9. h3 {102} O-O {89} 10. O-O {11} Ne8 {367} 11. Rb1 {130} Bd6 {406}
12. Qc2 {429} Bxf4 {453} 13. Bxh7+ {17} Kh8 {2} 14. exf4 {12} g6 {33} 15. Bxg6
{20} fxg6 {17} 16. Qxg6 {33} Qf6 {479} 17. Qh5+ {160} Kg7 {1323} 18. Rfe1 {130}
Rh8 {176} 19. Qg4+ {71} Kf8 {68} 20. Re6 {57} Qd8 {407} 21. Qg6 {219} Rg8 {669}
22. Qh6+ {53} Rg7 {14} 23. Ng5 {499} Ndf6 {3} 24. Rbe1 {79} Kg8 {53} 25. R1e5 {
573} Bxe6 {116} 26. Nxe6 {30} Qd7 {49} 27. Nxg7 {22} Qxg7 {2} 28. Rg5 {12} Kf7
{22} 29. Rxg7+ {19} Nxg7 {1} 30. f5 {106} Nxf5 {25} 31. Qf4 {8} 1-0

[Event "NJSK 2021 Jeugd A"]
[Site "Almelo, Netherlands"]
[Date "2021.08.06"]
[Round "6.10"]
[White "Verweij, David"]
[Black "Broersma, Sven"]
[Result "0-1"]
[WhiteElo "1833"]
[BlackElo "1710"]
[PlyCount "74"]
[EventDate "2021.??.??"]
[TimeControl "90/40+30:0"]

1. Nf3 {2} Nf6 {7} 2. g3 {3} g6 {6} 3. Bg2 {3} Bg7 {5} 4. O-O {5} O-O {6} 5. d3
{3} d5 {15} 6. Nbd2 {9} c5 {29} 7. c3 {7} Nc6 {10} 8. e4 {11} e5 {34} 9. Qb3 {9
} dxe4 {932} 10. Nxe4 {122} Nxe4 {65} 11. dxe4 {9} Qc7 {293} 12. Be3 {214} b6 {
151} 13. Rad1 {38} Be6 {66} 14. Qc2 {89} h6 {210} 15. Nh4 {229} Qe7 {680} 16.
f3 {469} Rfd8 {353} 17. Qf2 {73} Rxd1 {480} 18. Rxd1 {8} Rd8 {10} 19. Rf1 {39}
Bxa2 {313} 20. f4 {38} Bc4 {59} 21. Re1 {48} Nb8 {441} 22. f5 {550} g5 {106}
23. Nf3 {13} Nd7 {143} 24. h4 {134} Nf6 {416} 25. Nd2 {189} Ng4 {194} 26. Qf3 {
12} Nxe3 {6} 27. Qxe3 {11} Bb5 {105} 28. c4 {338} Bc6 {201} 29. hxg5 {20} Qxg5
{41} 30. Qxg5 {149} hxg5 {2} 31. Re2 {139} Rd4 {315} 32. Kf2 {72} g4 {317} 33.
Ke1 {148} Bh6 {76} 34. b3 {52} Rd3 {95} 35. Kd1 {23} Bxd2 {85} 36. Kc2 {40}
Rxg3 {149} 37. Rxd2 {8} Rxg2 {5} 0-1

[Event "NJSK 2021 Jeugd A"]
[Site "Almelo, Netherlands"]
[Date "2021.08.07"]
[Round "7.1"]
[White "Grutter, Tim"]
[Black "Hilwerda, Jonas"]
[Result "1/2-1/2"]
[WhiteElo "2253"]
[BlackElo "2240"]
[PlyCount "28"]
[EventDate "2021.??.??"]
[TimeControl "90/40+30:0"]

1. e4 {0} c5 {4} 2. Nf3 {4} Nc6 {4} 3. Nc3 {4} g6 {45} 4. Bb5 {4} Bg7 {5} 5.
O-O {4} e5 {20} 6. a3 {11} Nge7 {31} 7. d3 {5} O-O {38} 8. b4 {4} d6 {17} 9.
bxc5 {9} dxc5 {1} 10. Bg5 {10} h6 {287} 11. Bxe7 {5} Nxe7 {220} 12. Bc4 {5} Kh7
{760} 13. Nd5 {87} f5 {724} 14. h3 {6} Nc6 {804} 1/2-1/2

[Event "NJSK 2021 Jeugd A"]
[Site "Almelo, Netherlands"]
[Date "2021.08.07"]
[Round "7.2"]
[White "Van Foreest, Machteld"]
[Black "Elgersma, Onno"]
[Result "0-1"]
[WhiteElo "2161"]
[BlackElo "2292"]
[PlyCount "102"]
[EventDate "2021.??.??"]
[TimeControl "90/40+30:0"]

1. e4 {3} c6 {6} 2. d4 {3} d5 {3} 3. Nd2 {3} dxe4 {4} 4. Nxe4 {4} Nf6 {4} 5.
Nxf6+ {4} exf6 {5} 6. Nf3 {5} Bd6 {6} 7. Bd3 {4} O-O {8} 8. O-O {1} Bg4 {4} 9.
h3 {2} Bh5 {31} 10. c3 {5} Na6 {14} 11. Bc2 {353} Nc7 {163} 12. Qd3 {38} Bg6 {
33} 13. Qd1 {12} Qd7 {121} 14. Bxg6 {137} hxg6 {12} 15. Qd3 {61} g5 {95} 16.
Nd2 {358} Rfe8 {275} 17. Ne4 {435} Qf5 {328} 18. Nc5 {32} Qxd3 {409} 19. Nxd3 {
2} Ne6 {39} 20. f4 {569} gxf4 {60} 21. Nxf4 {32} Bxf4 {599} 22. Bxf4 {5} Kh7 {
14} 23. Bd2 {102} Rad8 {32} 24. Rf5 {291} Kg6 {241} 25. Raf1 {65} Rd5 {133} 26.
g4 {99} Red8 {428} 27. Be3 {119} Kh7 {84} 28. Kg2 {247} Nc7 {370} 29. Bg1 {147}
Re8 {117} 30. Bh2 {142} Rxf5 {55} 31. Rxf5 {17} Nd5 {21} 32. Rf2 {36} b5 {29}
33. Bd6 {61} Re3 {63} 34. Bc5 {296} a6 {83} 35. a4 {49} Rd3 {103} 36. axb5 {106
} axb5 {5} 37. Kh2 {287} g5 {171} 38. Bd6 {84} Kg6 {19} 39. Bg3 {253} Ne3 {103}
40. Bc7 {61} f5 {124} 41. gxf5+ {15} Nxf5 {1} 42. Bd8 {57} c5 {642} 43. Bb6 {95
} cxd4 {13} 44. cxd4 {4} Nxd4 {6} 45. Bxd4 {123} Rxd4 {4} 46. b3 {253} Rd3 {25}
47. Rb2 {2} b4 {8} 48. Kg2 {10} f5 {9} 49. Kh2 {21} f4 {5} 50. Kg2 {13} Kh5 {22
} 51. Kh2 {41} Kh4 {1} 0-1

[Event "NJSK 2021 Jeugd A"]
[Site "Almelo, Netherlands"]
[Date "2021.08.07"]
[Round "7.3"]
[White "Honkoop, Gilian"]
[Black "Arabi, Osama"]
[Result "0-1"]
[WhiteElo "2157"]
[BlackElo "1901"]
[PlyCount "36"]
[EventDate "2021.??.??"]
[TimeControl "90/40+30:0"]

1. c4 {2} e6 {83} 2. Nf3 {4} Nf6 {18} 3. Nc3 {7} d5 {6} 4. e3 {4} Be7 {35} 5.
b3 {5} b6 {76} 6. Bb2 {22} O-O {45} 7. Be2 {28} Bb7 {28} 8. O-O {6} Nbd7 {383}
9. d4 {110} dxc4 {44} 10. bxc4 {8} c5 {22} 11. d5 {24} exd5 {46} 12. cxd5 {128}
Bd6 {37} 13. e4 {40} Re8 {84} 14. Nd2 {33} Be5 {223} 15. f3 {805} Nh5 {475} 16.
Nc4 {266} Bd4+ {152} 17. Kh1 {10} Qf6 {490} 18. Na4 {593} Ng3+ {20} 0-1

[Event "NJSK 2021 Jeugd A"]
[Site "Almelo, Netherlands"]
[Date "2021.08.07"]
[Round "7.4"]
[White "Shakhverdian, William"]
[Black "Hubers, Daan"]
[Result "1-0"]
[WhiteElo "2074"]
[BlackElo "1695"]
[PlyCount "99"]
[EventDate "2021.??.??"]
[TimeControl "90/40+30:0"]

1. d4 {2} Nf6 {18} 2. c4 {17} b6 {20} 3. Nc3 {90} Bb7 {36} 4. Qc2 {76} d5 {436}
5. cxd5 {130} Nxd5 {89} 6. e4 {203} Nxc3 {137} 7. bxc3 {55} e5 {71} 8. d5 {489}
Nd7 {68} 9. Nf3 {11} f6 {47} 10. Be3 {101} Bd6 {135} 11. Bd3 {65} Qe7 {29} 12.
Nd2 {160} a6 {152} 13. O-O {120} O-O-O {326} 14. Qa4 {304} a5 {148} 15. Bb5 {75
} Bc5 {205} 16. Bxd7+ {339} Rxd7 {59} 17. Bxc5 {24} Qxc5 {26} 18. Rfc1 {14} Ba6
{209} 19. Nb3 {28} Qc4 {53} 20. Qxc4 {14} Bxc4 {3} 21. Nd2 {6} Ba6 {433} 22. c4
{58} c6 {328} 23. Rab1 {130} Kc7 {114} 24. f3 {423} Rb8 {205} 25. Kf2 {42} c5 {
138} 26. Ke3 {101} g5 {138} 27. g3 {37} Rf8 {584} 28. f4 {137} g4 {42} 29. Rf1
{189} Rdf7 {366} 30. Rf2 {98} Bc8 {313} 31. Rbf1 {92} exf4+ {20} 32. gxf4 {152}
Re8 {134} 33. Kd3 {50} Rfe7 {74} 34. Re1 {152} h5 {45} 35. Rfe2 {16} Kd6 {35}
36. e5+ {22} fxe5 {26} 37. Ne4+ {9} Kd7 {66} 38. Nf6+ {7} Kd8 {60} 39. Nxe8 {28
} e4+ {88} 40. Rxe4 {198} Bf5 {26} 41. Nd6 {9} Bxe4+ {86} 42. Rxe4 {12} Rg7 {53
} 43. Nf5 {33} Rf7 {25} 44. Ne3 {136} Kd7 {36} 45. f5 {12} Rf8 {41} 46. a4 {27}
Rg8 {61} 47. Re6 {18} g3 {18} 48. hxg3 {6} Rxg3 {12} 49. Rxb6 {17} h4 {36} 50.
Rh6 {5} 1-0

[Event "NJSK 2021 Jeugd A"]
[Site "Almelo, Netherlands"]
[Date "2021.08.07"]
[Round "7.5"]
[White "Broersma, Sven"]
[Black "Maters, Arthur"]
[Result "0-1"]
[WhiteElo "1710"]
[BlackElo "2032"]
[PlyCount "50"]
[EventDate "2021.??.??"]
[TimeControl "90/40+30:0"]

1. d4 {1} Nf6 {4} 2. c4 {6} b6 {4} 3. Nf3 {7} Bb7 {7} 4. g3 {60} e6 {520} 5.
Bg2 {30} Bb4+ {190} 6. Bd2 {60} Bxd2+ {5} 7. Nbxd2 {10} O-O {17} 8. O-O {29} d5
{302} 9. cxd5 {165} exd5 {25} 10. Qc2 {215} Nbd7 {92} 11. Nb3 {942} Re8 {137}
12. Rac1 {105} Rc8 {205} 13. e3 {140} c5 {330} 14. dxc5 {237} bxc5 {21} 15.
Rfd1 {102} Qb6 {464} 16. Rd2 {1415} Bc6 {1} 17. Qb1 {880} a5 {537} 18. Na1 {337
} Rb8 {1069} 19. b3 {116} Ne4 {172} 20. Rb2 {292} Ba8 {314} 21. Nd2 {241} f5 {
134} 22. Bh3 {758} Ne5 {151} 23. Bxf5 {366} Nxd2 {16} 24. Bxh7+ {3} Kh8 {16}
25. Qf5 {14} Ndf3+ {21} 0-1

[Event "NJSK 2021 Jeugd A"]
[Site "Almelo, Netherlands"]
[Date "2021.08.07"]
[Round "7.6"]
[White "Kruimer, Matthias"]
[Black "Arnold, Kiri"]
[Result "0-1"]
[WhiteElo "1909"]
[BlackElo "1827"]
[PlyCount "68"]
[EventDate "2021.??.??"]
[TimeControl "90/40+30:0"]

1. e4 {3} c5 {2} 2. Nc3 {6} a6 {5} 3. Nge2 {28} Nc6 {26} 4. g3 {53} e5 {36} 5.
Bg2 {59} g6 {59} 6. O-O {43} Nge7 {51} 7. d3 {42} Bg7 {75} 8. f4 {48} d6 {75}
9. h3 {142} O-O {65} 10. g4 {318} f5 {127} 11. Ng3 {127} Rb8 {999} 12. a4 {411}
Bd7 {641} 13. exf5 {341} gxf5 {35} 14. Nh5 {38} Nd4 {912} 15. Nxg7 {369} Kxg7 {
3} 16. g5 {255} Bc6 {303} 17. h4 {324} Bxg2 {159} 18. Kxg2 {5} Qe8 {120} 19.
Be3 {624} Qf7 {204} 20. Kh2 {383} Rbe8 {164} 21. h5 {111} Nd5 {743} 22. Nxd5 {
115} Qxd5 {2} 23. c3 {13} exf4 {200} 24. Bxd4+ {199} cxd4 {7} 25. c4 {153} Qe5
{221} 26. Re1 {21} Qa5 {90} 27. Re2 {384} Re3 {157} 28. Rxe3 {338} fxe3 {13}
29. Kg2 {48} f4 {146} 30. Qf3 {176} Qxg5+ {138} 31. Kh3 {19} Qf5+ {278} 32. Kh2
{28} Kh6 {49} 33. Rh1 {85} Rg8 {13} 34. b4 {87} Rg3 {30} 0-1

[Event "NJSK 2021 Jeugd A"]
[Site "Almelo, Netherlands"]
[Date "2021.08.07"]
[Round "7.7"]
[White "Torensma, Christian"]
[Black "Van Dam, Thijs"]
[Result "1/2-1/2"]
[WhiteElo "1641"]
[BlackElo "1848"]
[PlyCount "74"]
[EventDate "2021.??.??"]
[TimeControl "90/40+30:0"]

1. d4 {1} d5 {6} 2. c4 {5} dxc4 {7} 3. Nf3 {21} Nf6 {9} 4. e3 {11} c5 {52} 5.
Bxc4 {42} e6 {10} 6. O-O {45} Be7 {33} 7. b3 {53} O-O {16} 8. Bb2 {16} Nbd7 {30
} 9. Nbd2 {70} a6 {26} 10. Be2 {146} b6 {38} 11. Nc4 {249} Bb7 {40} 12. Nce5 {
334} Rc8 {52} 13. Rc1 {132} Nxe5 {50} 14. Nxe5 {62} Bd6 {152} 15. Nc4 {361} Ne8
{505} 16. Nxd6 {382} Nxd6 {18} 17. dxc5 {42} Rxc5 {47} 18. Rxc5 {281} bxc5 {11}
19. Bf3 {561} Qb6 {65} 20. Bxb7 {142} Nxb7 {4} 21. Qg4 {10} f6 {54} 22. h4 {844
} Kf7 {198} 23. Rd1 {339} Rd8 {47} 24. Qh5+ {269} Kg8 {30} 25. Rxd8+ {441} Qxd8
{44} 26. Qe2 {105} Qd6 {37} 27. Bc3 {95} Qb6 {99} 28. Qg4 {28} Kf8 {109} 29.
Qh5 {135} h6 {27} 30. Qg4 {66} Qc6 {97} 31. Qc4 {116} Qb6 {137} 32. f3 {77} Kf7
{25} 33. h5 {153} Qb5 {153} 34. Qf4 {107} Qd7 {39} 35. Qc4 {207} Qb5 {27} 36.
Qf4 {45} Qd7 {7} 37. Qc4 {70} Qb5 {22} 1/2-1/2